 Dungeon Crawl Stone Soup version 0.20.1-1-g8b1a95d (webtiles) character file.

86 Gremour the Cudgeler (level 4, -6/28 HPs)
             Began as a Gargoyle Fighter on Nov 12, 2017.
             Mangled by Sigmund
             ... wielding a +0 scythe of slicing
              (8 damage)
             ... on level 2 of the Dungeon.
             The game lasted 00:08:19 (1317 turns).

Gremour the Cudgeler (Gargoyle Fighter)             Turns: 1317, Time: 00:08:20

Health: -6/28      AC: 10    Str: 25    XL:     4   Next: 50%
Magic:  4/4        EV:  7    Int:  8    God:
Gold:   74         SH:  9    Dex: 10    Spells: 3/3 levels left

rFire    + . .     SeeInvis .   a - +0 flail
rCold    + . .     Gourm    .   c - +0 shield
rNeg     + . .     Faith    .   b - +0 scale mail
rPois    ∞         Spirit   .   (no helmet)
rElec    +         Reflect  .   (no cloak)
rCorr    +         Harm     .   (no gloves)
MR       .....                  (no boots)
Stlth    ..........             (no amulet)
Regen    0.1/turn               g - ring of loudness (curse)
MPRegen  0.1/turn               (no ring)

@: mighty, resistant, flying
A: negative energy resistance 1, electricity resistance, unbreathing,
petrification resistance, rot immunity, AC +3
a: no special abilities


You were on level 2 of the Dungeon.
You were not hungry.

You visited 1 branch of the dungeon, and saw 2 of its levels.

You collected 74 gold pieces.

Inventory:

Hand Weapons
 a - a +0 flail (weapon)
Armour
 b - a +0 scale mail (worn)
 c - a +0 shield (worn)
Jewellery
 g - a cursed ring of loudness (left hand)
Scrolls
 n - a scroll of identify {unknown}
 o - a scroll of random uselessness {unknown}
 p - 2 scrolls of recharging {unknown}
 q - a scroll of fear {unknown}
 r - a scroll of enchant armour {unknown}
 s - a scroll of amnesia {unknown}
 t - a scroll of blinking {unknown}
 u - a scroll of immolation {unknown}
Potions
 l - a potion of cancellation {unknown}
Comestibles
 f - a bread ration
 k - 3 fruits
 m - a royal jelly


   Skills:
 - Level 3.2 Fighting
 + Level 4.6 Maces & Flails
 - Level 3.2 Armour
 - Level 3.2 Shields


You had 3 spell levels left.
You didn't know any spells.

Dungeon Overview and Level Annotations

Branches:
Dungeon (2/15)

Altars:

Annotations:
D:2 Sigmund


Innate Abilities, Weirdness & Mutations

You are resistant to torment.
Your stone body is resilient. (AC +3)
You are immune to poison.
You resist negative energy. (rN+)
You are resistant to electric shocks. (rElec)
You can survive without breathing.
You are immune to petrification.
You are immune to rotting.


Message History

* * * LOW HITPOINT WARNING * * *
x2 You block the adder's attack.
It was a potion of flight.
You feel very buoyant.
You fly up into the air.
The adder bites you.
* * * LOW HITPOINT WARNING * * *
You block something's attack.
You feel very mighty all of a sudden. You block the adder's attack.
The adder bites you but does no damage.
You barely miss the adder. Something hits you.
* * * LOW HITPOINT WARNING * * *
x2 The adder bites you but does no damage.
You miss the adder. The adder barely misses you. Something hits you.
* * * LOW HITPOINT WARNING * * *
x2 The adder barely misses you.
You barely miss the adder. The adder bites you but does no damage.
Something hits you but does no damage. The adder bites you but does no damage.
You block the adder's attack.
You miss the adder. The adder barely misses you. Something hits you!
You die...

#. .......
#.##.####.......
#.##.#....#....#
#.##...........#
#.##............
#.##.....†........
#.##....#.........
#.##..............
#@#####.......#...
#.S...........#...
########..........
#####..........
#..............
#..............
#..............
#..............
#..............


You could see an adder.

Vanquished Creatures
  Natasha (D:2)
  An adder (D:2)
  3 worms (D:2)
  2 dart slugs
  4 leopard geckos
  9 bats
  3 giant cockroaches
  4 hobgoblins
  3 frilled lizards (D:1)
  2 kobolds
  7 rats
39 creatures vanquished.

Notes
Turn   | Place    | Note
-------+----------+-------------------------------------------
     0 | D:1      | Gremour the Gargoyle Fighter began the quest for the Orb.
     0 | D:1      | Reached XP level 1. HP: 14/14 MP: 1/1
   347 | D:1      | Reached XP level 2. HP: 15/19 MP: 2/2
   454 | D:1      | Reached skill level 3 in Maces & Flails
   702 | D:1      | Reached XP level 3. HP: 23/23 MP: 3/3
   775 | D:2      | Noticed Natasha
   781 | D:2      | Killed Natasha
   781 | D:2      | Reached skill level 4 in Maces & Flails
  1014 | D:2      | Reached XP level 4. HP: 28/28 MP: 4/4
  1284 | D:2      | Noticed Sigmund
  1317 | D:2      | Mangled by Sigmund

Skill      XL: |  1  2  3 |
---------------+----------+-----
Maces & Flails | 3 4 |  4.6
Fighting       | |  3.2
Armour         | |  3.2
Shields        | |  3.2

Action                   |  1- 3 |  4- 6 || total
-------------------------+-------+-------++-------
Melee: Flail             |    97 |    60 ||   157
  Use: Potion            |       |     4 ||     4
  Eat: Chunk             |       |     2 ||     2
Armor: Scale mail        |    46 |    35 ||    81
Dodge: Dodged            |    22 |    29 ||    51
Block: Shield            |    40 |    36 ||    76
